 Dungeon Sprint DCSS version 0.20-a0-876-g2c7b0bf (webtiles) character file.

10 esc the Sneak (level 2, -6/14 HPs)
             Began as a Spriggan Enchanter on Mar 15, 2017.
             Mangled by a hippogriff (8 damage)
             ... in the Dungeon (Sprint II: "The Violet Keep of Menkaure").
             The game lasted 00:00:51 (75 turns).

esc the Sneak (Spriggan Enchanter)                    Turns: 75, Time: 00:00:52

Health: -6/14      AC:  2    Str:  4    XL:     2   Next: 10%
Magic:  1/7        EV: 19    Int: 16    God:
Gold:   243        SH:  0    Dex: 16    Spells: 4/7 levels left

rFire    . . .     SeeInvis +   a - +1 dagger
rCold    . . .     Gourm    .   b - +0 robe
rNeg     . . .     Faith    .   (shield restricted)
rPois    .         Spirit   .   (helmet restricted)
rElec    .         Reflect  .   (no cloak)
rCorr    .         Harm     .   (gloves unavailable)
MR       .....     NoTele   +   (boots unavailable)
Stlth    +++.......             (no amulet)
Regen    0.1/turn               (no ring)
MPRegen  0.1/turn               (no ring)

@: very slightly contaminated, very quick
A: unfitting armour, see invisible, herbivore 3, speed 3, slow metabolism 2
a: no special abilities


You were in the Dungeon.
You were not hungry.

You visited 1 branch You collected 243 gold pieces.

Inventory:

Hand Weapons
 a - a +1 dagger (weapon)
Armour
 b - a +0 robe (worn)
Scrolls
 j - a scroll of blinking {!r}
Potions
 e - a potion of curing
 g - a potion of haste
 h - 2 potions of magic
 i - a potion of berserk rage {!q}
Books
 c - a book of Maledictions
Comestibles
 d - a bread ration {@e1}


   Skills:
 + Level 1.4 Fighting
 + Level 2.1 Short Blades
 + Level 3.9 Dodging
 + Level 5.0 Stealth
 + Level 3.2 Spellcasting
 + Level 4.1 Hexes


You had 4 spell levels left.
You knew the following spells:

 Your Spells              Type           Power        Failure   Level  Hunger
a - Ensorcelled Hibernat  Hex/Ice        #.....       14%         2    ##.....
v - Corona                Hex            ###....      4%          1    None


Dungeon Overview and Level Annotations

Branches:
Dungeon (1/1)

Altars:


Innate Abilities, Weirdness & Mutations

You are very small and have problems with some larger weapons.
You are too small for most types of armour.
You have supernaturally acute eyesight. (SInv)
You are a herbivore.
You cover ground extremely quickly.
You need consume almost no food.


Message History

Welcome, esc the Spriggan Enchanter.
Found a staircase leading out of the dungeon.
You open the door.
A merfolk siren comes into view. It is wielding a spear.
You close the door.
There is a staircase leading out of the dungeon here.
You open the door. 3 worms come into view.
There is an open door here.
The helpless worm fails to defend itself.
You impale the worm!!
You kill the worm!
Your Fighting skill increases to level 1!
Health restored: 10
Okay, then.
There is an open door here.
The helpless worm fails to defend itself.
You impale the worm!!
You kill the worm!
Your Spellcasting skill increases to level 3!
Your Hexes skill increases to level 4!
The helpless worm fails to defend itself.
You impale the worm!!
You kill the worm!
Your Short Blades skill increases to level 2!
Your Stealth skill increases to level 5!
You have reached level 2!
Health restored: 14; MP restored: 7 Memorise Ensorcelled Hibernation, consuming 2 spell levels and leaving 4?
You start memorising the spell.
You continue memorising. x2
You finish memorising.
Spell assigned to 'a'.
You see here a worm corpse.
You butcher the worm corpse.
You see here 2 chunks of flesh {@w0}.
You now have 243 gold pieces.
You see here 2 chunks of flesh {@w0}.
There is an open door here.
Okay, then.
You open the door. 2 hippogriffs come into view.
The hippogriff screeches!
There is an open door here.
Aim: a hippogriff (chance to defeat MR: 36%)
The hippogriff easily resists.
The hippogriff completely misses you. The hippogriff misses you.
The hippogriff claws you.
You take 2 damage, and have 12/14 hp.
You now have 5/7 mp.
Aim: a hippogriff (chance to defeat MR: 36%)
The hippogriff looks drowsy...
You now have 3/7 mp.
The helpless hippogriff fails to defend itself.
You impale the hippogriff!!
Okay, then.
There is an open door here.
You close the door.
You start resting.
Health restored: 14; MP restored: 7 You open the door.
Aim: a hippogriff (moderately wounded, chance to defeat MR: 36%)
The hippogriff easily resists.
The hippogriff bites you!
Ouch! That really hurt!
* * * LOW HITPOINT WARNING * * *
The hippogriff misses you. The hippogriff claws you.
* * * LOW HITPOINT WARNING * * *
You take 12 damage, and have 2/14 hp.
MASSIVE DAMAGE!!
You now have 5/7 mp.
You feel much better. The hippogriff bites you.
The hippogriff closely misses you. The hippogriff barely misses you.
You regained 7 hp, and now have 9/14 hp.
Aim: a hippogriff (moderately wounded, chance to defeat MR: 36%)
You miscast Ensorcelled Hibernation.
You are very lightly contaminated with residual magic.
The light around you dims momentarily. The hippogriff completely misses you.
The hippogriff pecks you!
Ouch! That really hurt!
* * * LOW HITPOINT WARNING * * *
The hippogriff closely misses you.
You take 7 damage, and have 2/14 hp.
MASSIVE DAMAGE!!
You now have 3/7 mp.
Unknown command.
Okay, then.
Aim: a hippogriff (moderately wounded, chance to defeat MR: 36%)
The hippogriff easily resists.
The hippogriff bites you!
Ouch! That really hurt!
You die...

## ## #.# #.#
####.#.# #
##.###'# .##
#.%.##.##...#
+.##H.<.+.#
###H##.##.m.#
#@###+# .##
### #


You could see 2 hippogriffs.

Vanquished Creatures
  3 worms (D)
3 creatures vanquished.

Vanquished Creatures (others)
  Menkaure (D)
1 creature vanquished.

Grand Total: 4 creatures vanquished

Notes
Turn   | Place    | Note
-------+----------+-------------------------------------------
     0 | D        | esc the Spriggan Enchanter began the quest for the Orb.
     0 | D        | Reached XP level 1. HP: 9/9 MP: 5/5
     1 | D        | Noticed a merfolk siren
     8 | D        | Reached skill level 1 in Fighting
    11 | D        | Reached skill level 3 in Spellcasting
    11 | D        | Reached skill level 4 in Hexes
    12 | D        | Reached skill level 2 in Short Blades
    12 | D        | Reached skill level 5 in Stealth
    12 | D        | Reached XP level 2. HP: 14/14 MP: 7/7
    16 | D        | Learned a level 2 spell: Ensorcelled Hibernation
    25 | D        | Noticed a hippogriff
    25 | D        | Noticed a hippogriff
    71 | D        | HP: 2/14 [hippogriff (2)]
    71 | D        | Killed Menkaure
    75 | D        | Mangled by a hippogriff

Vault maps used:
D:        the_violet_keep_of_menkaure

Skill      XL: |  1 |
---------------+----+-----
Fighting       | 1 |  1.4
Spellcasting   | 3 |  3.2
Hexes          | 4 |  4.1
Short Blades   | 2 |  2.1
Stealth        | 5 |  5.0
Dodging        | |  3.9

Action                   || total
-------------------------++-------
Melee: Dagger            ||     4
 Cast: Ensorcelled Hiber ||     4
  Use: Potion            ||     1
 Stab: Sleeping          ||     4
Dodge: Dodged            ||     7

Vault maps used:
D:        the_violet_keep_of_menkaure

Table legend:
 A = Turns spent in this place as a percentage of turns spent in the entire game.
 B = Non-inter-level travel turns spent in this place as a percentage of non-inter-level travel turns spent in the entire game.
 C = Inter-level travel turns spent in this place as a percentage of turns spent in this place.
 D = Turns resting spent in this place as a percentage of non-inter-level travel turns spent in this place.
 E = Turns spent auto-exploring this place as a percentage of non-inter-level travel turns spent in this place.
 F = Non-inter-level travel turns spent in this place divided by the number of levels of this place that you've seen.
                   A       B       C       D       E      F
               +-------+-------+-------+-------+-------+----------------------
         Total | 100.0 | 100.0 |   0.0 |   4.4 |   0.0 |  45.0
       Dungeon | 100.0 | 100.0 |   0.0 |   4.4 |   0.0 |  45.0
               +-------+-------+-------+-------+-------+----------------------

Table legend:
 A = Kills in this place as a percentage of kills in entire the game.
 B = Kills by you in this place as a percentage of kills by you in the entire game.
 C = Kills by friends in this place as a percentage of kills by friends in the entire game.
 D = Other kills in this place as a percentage of other kills in the entire game.
 E = Experience gained in this place as a percentage of experience gained in the entire game.
 F = Experience gained in this place divided by the number of levels of this place that you have seen.
                   A       B       C       D       E      F
               +-------+-------+-------+-------+-------+----------------------
         Total | 100.0 | 100.0 |  -nan |  -nan | 100.0 |  15.0
       Dungeon | 100.0 | 100.0 |  -nan |  -nan | 100.0 |  15.0
               +-------+-------+-------+-------+-------+----------------------
